 Dungeon Crawl Stone Soup version 0.31.0-32-g396128a36d (webtiles) character file.

Game seed: 15772453430527633729

7489 Logoto the Protected (level 10, -7/93 HPs)
             Began as a Minotaur Berserker on Apr 4, 2024.
             Was a Priest of Trog.
             Mangled by a two-headed ogre
             ... wielding a +0 giant spiked club
              (16 damage)
             ... on level 9 of the Dungeon.
             The game lasted 00:19:59 (7683 turns).

Logoto the Protected (Minotaur Berserker)           Turns: 7683, Time: 00:19:59

Health: -7/93      AC: 15    Str: 22 (25) XL:     10   Next: 94%
Magic:  9/9        EV:  9    Int:  2 (4)  God:    Trog [***...]
Gold:   199        SH:  0    Dex:  9 (11) Spells: 9/9 levels left

rFire   . . .        E - +2 halberd (venom)
rCold   . . .        (shield currently unavailable)
rNeg    . . .        p - +0 chain mail
rPois   +            (helmet restricted)
rElec   .            w - +0 cloak
rCorr   .            a - +0 pair of gloves
SInv    .            (no boots)
Will    .....        b - amulet of the acrobat Stlth
                     o - ring of poison resistance
HPRegen 0.35/turn    (no ring)
MPRegen 0.11/turn

%: acrobat
@: on berserk cooldown, slowed, very slow
A: horns 2, retaliatory headbutt
a: Renounce Religion, Berserk, Trog's Hand


You were on level 9 of the Dungeon.
You worshipped Trog.
Trog was most pleased with you.
You visited 1 branch of the dungeon, and saw 9 of its levels.

You collected 451 gold pieces.
You spent 252 gold pieces at shops.

Inventory:

Hand Weapons
 i - a +2 antimagic spear
 C - a +1 vampiric whip
 E - a +2 halberd of venom (weapon)
 M - the +5 spear "Vafris" {speed, rC++}
   (You found it on level 8 of the Dungeon)

   rC++:      It greatly protects you from cold.
 N - a +3 trident of draining
Missiles
 t - a throwing net
 D - 25 poisoned darts (quivered)
 F - a curare-tipped dart
Armour
 a - a +0 pair of gloves (worn)
 p - a +0 chain mail (worn)
 w - a +0 cloak (worn)
 K - +0 acid dragon scales
Jewellery
 b - an amulet of the acrobat (around neck)
 o - a ring of poison resistance (left hand)
 z - an amulet of guardian spirit
 I - an amulet of magic regeneration
 L - the amulet of the Four Winds {rN+ Will+++ Clar}
   (You found it on level 8 of the Dungeon)

   [amulet of nothing]

   rN+:       It protects you from negative energy.
   Will+++:   It greatly increases your willpower.
   Clar:      It protects you from confusion, rage, mesmerisation and fear.
Wands
 A - a wand of paralysis (13)
 B - a wand of roots (11)
 H - a wand of acid (6)
Scrolls
 c - 6 scrolls of identify {unknown}
 e - a scroll of enchant weapon {unknown}
 g - 8 scrolls of teleportation {unknown}
 j - 2 scrolls of silence {unknown}
 k - 2 scrolls of fog {unknown}
 l - a scroll of amnesia {unknown}
 n - 2 scrolls of brand weapon {unknown}
 q - a scroll of poison {unknown}
 r - a scroll of immolation {unknown}
 x - a scroll of vulnerability {unknown}
 y - a scroll of revelation {unknown}
Potions
 d - 2 potions of mutation {unknown}
 f - 3 potions of degeneration
 h - a potion of curing {unknown}
 m - a potion of brilliance {unknown}
 s - 3 potions of heal wounds {unknown}
 u - 2 potions of cancellation {unknown}
 v - 2 potions of resistance {unknown}
 G - a potion of invisibility {unknown}
 J - a potion of might {unknown}


   Skills:
 * Level 10.0 Fighting
 * Level 8.4(11.0) Axes
 + Level 11.1(12.2) Polearms
 + Level 0.1 Throwing
 * Level 11.6 Armour
 + Level 3.6 Dodging
 + Level 0.7 Stealth


You had 9 spell levels left.
You didn't know any spells.
Your spell library was empty.

Dungeon Overview and Level Annotations

Branches:
Dungeon (9/15)             Temple (0/1) D:6
   Lair: D:8-11         Orc: D:9-12

Altars:
Elyvilon
Gozag
Makhleb
Trog
Uskayaw
Xom
Yredelemnul
The Shining One

Shops:
D:7 *

Annotations:
D:7 3 runed translucent doors, PaiMei's ghost, novice DsNe


Innate Abilities, Weirdness & Mutations

You have a pair of horns on your head.
You reflexively headbutt those who attack you in melee.


Message History

You start resting.
You are no longer berserk.
You are exhausted.
You feel yourself slow down.
You start resting.
HP restored.
You start waiting.
A troll comes into view.
A troll is nearby!
The troll shouts!
You hear two shouts!
The troll misses you. The troll barely misses you.
The troll closely misses you.
You closely miss the troll. The troll bites you!
The troll claws you but does no damage. The troll barely misses you.
You slash the troll!
The troll looks as sick as possible!
The troll is moderately wounded.
The troll bites you! The troll closely misses you. The troll claws you.
The troll bites you. The troll closely misses you. The troll claws you.
You puncture the troll!
The troll looks as sick as possible!
You headbutt the troll.
The troll is almost dead.
The troll bites you but does no damage. The troll closely misses you.
The troll claws you!
You puncture the troll!
You kill the troll!
Trog accepts your kill.
A two-headed ogre comes into view.
It is wielding two +0 giant spiked clubs.
Your Fighting skill increases to level 10!
A two-headed ogre is nearby!
You puncture the two-headed ogre! You headbutt the two-headed ogre.
The two-headed ogre is moderately wounded.
The two-headed ogre hits you with a +0 giant spiked club!!
* * * LOW HITPOINT WARNING * * *
The two-headed ogre hits you with a +0 giant spiked club!!
* * * LOW HITPOINT WARNING * * *
It was a potion of degeneration.
There was something very wrong with that liquid.
You feel weakened.
You feel dopey.
You feel clumsy.
The two-headed ogre hits you with a +0 giant spiked club!
You die...

....## .c .#
.##....#..# #.#
#######.##....#..
#.##....#..##......
##........###....#
#..........##....#
#...............#
#............O#########
#...........@........
##.##.....######.#....
#..######## .. # #..#
#.# ##.## #
#..###########
#............##
#.............#
#.#...........#


You could see a two-headed ogre.

Vanquished Creatures
  An entropy weaver (shapeshifter) (D:8)
  2 centaur warriors
  A cyclops (D:8)
  A manticore (D:8)
  Jeremiah (D:8)
  Psyche (D:8)
  A troll (D:9)
  A hornet (D:8)
  A slime creature (D:8)
  A wyvern (D:7)
  A steam dragon (D:9)
  An acid dragon (D:8)
  4 water moccasins
  2 sky beasts
  Duvessa (D:7)
  4 ice beasts
  A black bear (D:5)
  An ogre (D:5)
  A centaur (D:8)
  A phantom (D:6)
  5 kobold brigands
  2 gnoll sergeants
  5 bullfrogs
  4 scorpions
  Dowan (D:7)
  5 howler monkeys
  A crimson imp (D:8)
  2 bombardier beetles
  4 orc priests (D:8)
  5 hounds
  3 iguanas
  3 sleepcaps
  An orc wizard (D:8)
  10 adders
  12 gnolls (D:5)
  A shadow imp (D:5)
  A white imp (D:6)
  An ufetubus (D:6)
  2 ribbon worms
  4 dart slugs (D:1)
  16 orcs
  5 ball pythons
  9 bats
  9 endoplasms
  2 giant cockroaches
  10 goblins
  5 hobgoblins
  6 jackals
  22 kobolds
  3 quokkas
  3 frilled lizards
  5 rats
195 creatures vanquished.

Notes
Turn   | Place    | Note
-------+----------+-------------------------------------------
     0 | D:1      | Logoto the Minotaur Berserker began the quest for the Orb.
     0 | D:1      | Reached XP level 1. HP: 19/19 MP: 0/0
   214 | D:1      | Reached XP level 2. HP: 27/27 MP: 1/1
   224 | D:1      | You fall into a shaft and drop 1 floor!
   634 | D:1      | Reached XP level 3. HP: 31/33 MP: 0/2
   796 | D:2      | Reached ** piety under Trog
  1046 | D:2      | Reached XP level 4. HP: 41/41 MP: 1/3
  1046 | D:2      | Found a faded altar of an unknown god.
  1459 | D:3      | Found a bloodstained altar of Trog.
  1519 | D:3      | Reached skill level 5 in Axes
  2127 | D:4      | Found a hide-covered altar of Uskayaw.
  2152 | D:4      | Reached skill level 1 in Polearms
  2316 | D:4      | Found a glowing golden altar of the Shining One.
  2388 | D:4      | Found the +11 plutonium sword {^Contam Stlth-}
  2449 | D:4      | Reached *** piety under Trog
  2450 | D:4      | Reached XP level 5. HP: 40/47 MP: 1/4
  2591 | D:4      | Found a white marble altar of Elyvilon.
  2686 | D:5      | Entered Level 5 of the Dungeon
  2826 | D:5      | Reached skill level 5 in Fighting
  2826 | D:5      | Reached XP level 6. HP: 56/56 MP: 1/5
  2836 | D:5      | Noticed an ice beast
  2842 | D:5      | Killed an ice beast
  2921 | D:5      | Reached skill level 5 in Armour
  3028 | D:5      | Reached XP level 7. HP: 57/61 MP: 2/6
  3581 | D:5      | Found a shimmering altar of Xom.
  4103 | D:6      | Reached skill level 5 in Polearms
  4103 | D:6      | Reached XP level 8. HP: 62/70 MP: 2/7
  4217 | D:6      | Found a staircase to the Ecumenical Temple.
  4917 | D:7      | Reached **** piety under Trog
  5083 | D:7      | Found Uneinuewn's Serpentskin Sales.
  5202 | D:7      | Reached XP level 9. HP: 61/79 MP: 2/8
  5205 | D:7      | Found a runed translucent gate.
  5275 | D:7      | Found a runed translucent gate.
  5275 | D:7      | Found a runed translucent gate.
  5277 | D:7      | Noticed a spectral unseen horror
  5277 | D:7      | Noticed PaiMei's ghost (novice DsNe)
  5504 | D:7      | Bought a +2 halberd of venom for 252 gold pieces
  5587 | D:7      | Noticed Duvessa
  5588 | D:7      | Noticed Dowan
  5594 | D:7      | Killed Duvessa
  5599 | D:7      | Killed Dowan
  5998 | D:8      | Found an opulent altar of Gozag.
  6451 | D:8      | Reached skill level 10 in Armour
  6560 | D:8      | Noticed an entropy weaver
  6569 | D:8      | Killed an entropy weaver
  6570 | D:8      | Reached XP level 10. HP: 79/90 MP: 9/9
  6573 | D:8      | Reached skill level 10 in Polearms
  6685 | D:8      | Noticed a centaur warrior
  6685 | D:8      | Noticed a cyclops
  6690 | D:8      | Killed a cyclops
  6695 | D:8      | Killed a centaur warrior
  6739 | D:8      | Found the amulet of the Four Winds {rN+ Will+++ Clar}
  6739 | D:8      | Found the +8 longbow "Zephyr" {speed, Dex+3 SInv}
  6741 | D:8      | Identified the +5 spear "Vafris" {speed, rC++}
  6755 | D:8      | Noticed a manticore
  6765 | D:8      | Killed a manticore
  6985 | D:8      | Noticed Psyche
  6999 | D:8      | Killed Psyche
  7057 | D:8      | Noticed Jeremiah
  7073 | D:8      | Killed Jeremiah
  7385 | D:8      | Found a basalt altar of Yredelemnul.
  7445 | D:8      | Found a burning altar of Makhleb.
  7651 | D:9      | Noticed a centaur warrior
  7661 | D:9      | Killed a centaur warrior
  7681 | D:9      | Noticed a two-headed ogre
  7682 | D:9      | Reached skill level 10 in Fighting
  7683 | D:9      | Mangled by a two-headed ogre

Illustrated notes

Levels and vault maps discovered:
D:1:      minmay_arrival_shattered_statue, layout_basic
D:2:      layout_basic, shapermc_ecumenical_altar_flowoftime
D:3:      layout_loops_ring, trog_hazing_becter, chequers_serial_rivers_micro_d
D:4:      layout_loops_ring, lemuel_tele_altar, lemuel_doored_altar,
          mainiacjoe_overflow_alcove_1
D:5:      layout_gridville, mainiacjoe_overflow_catwalk
D:6:      minmay_octagon_keep, layout_layer_cave, minmay_temple_entry_statues
D:7:      layout_gridville, gammafunk_ghost_necromancy,
          kennysheep_decorative_pillar, guppyfry_shop_venom, uniq_duvessa
D:8:      layout_basic, makhleb_grotto_becter, nicolae_gozag_seed_capital,
          kennysheep_mini, minmay_the_grid_2x2 [minmay_the_grid_rooms,
          minmay_the_grid_all_tris, minmay_the_grid_tree,
          minmay_the_grid_prize_shrinking_boxes], uniq_jeremiah, uniq_psyche
D:9:      minmay_curly_fans, layout_cave_pods,
          mainiacjoe_overflow_cross_hatched, david_lair_shrubbed

Skill      XL: |  1  2  3  4  5  6  7  8  9 10 |
---------------+-------------------------------+-----
Fighting       | 4 5 6 7 8 10 | 10.0
Axes           | 4 5 6 7 8 |  8.4
Armour         | 3 4 5 6 8 10 11 | 11.6
Polearms       | 1 2 3 5 7 9 11 | 11.1
Dodging        | 3 |  3.6
Throwing       | |  0.1
Stealth        | |  0.7

Action                     |  1- 3 |  4- 6 |  7- 9 | 10-12 || total
---------------------------+-------+-------+-------+-------++-------
  Melee: Hand axe          |    36 |       |       |       ||    36
         Headbutt          |    16 |    16 |    50 |     9 ||    91
         Spear             |    52 |   123 |   245 |     6 ||   426
         Punch             |       |     2 |     2 |     1 ||     5
         Halberd           |       |       |    68 |    39 ||   107
  Throw: Dart              |       |       |     1 |       ||     1
 Invoke: Berserk           |     2 |     4 |    12 |     5 ||    23
    Use: Potion            |       |       |       |     1 ||     1
 Armour: Animal skin       |    18 |       |       |       ||    18
         Ring mail         |    20 |    17 |       |       ||    37
         Chain mail        |       |    59 |   153 |    44 ||   256
         Skin              |       |       |       |     3 ||     3
  Dodge: Dodged            |    43 |    68 |   122 |    28 ||   261
